 Dungeon Crawl Stone Soup version 0.28.0-1-gb440e238dd (webtiles) character file.

Game seed: 15435458658697411194

771 zeram the Shield-Bearer (level 7, 0/60 HPs)
             Began as a Gnoll Fighter on Feb 27, 2022.
             Succumbed to a scorpion's poison
             ... on level 5 of the Dungeon.
             The game lasted 00:09:08 (5463 turns).

zeram the Shield-Bearer (Gnoll Fighter)             Turns: 5463, Time: 00:09:08

Health: 0/60       AC:  6    Str: 16    XL:     7   Next: 83%
Magic:  11/11      EV: 12    Int:  7    God:
Gold:   207        SH:  6    Dex: 19    Spells: 9/11 levels left

rFire   . . .      SeeInvis .   o - +2 dagger (vamp)
rCold   . . .      Faith    .   c - +0 buckler
rNeg    . . .      Spirit   .   q - +0 troll leather armour {Pargi}
rPois   .          Reflect  .   l - +0 helmet
rElec   .          Harm     .   (no cloak)
rCorr   .          Rampage  .   (no gloves)
Will    .....                   (no boots)
Stlth   ++........              (no amulet)
HPRegen 1.00/turn               g - +6 ring of dexterity
MPRegen 0.12/turn               (no ring)

@: brilliant, lethally poisoned (0 -> -4), hasted, very quick
A: fangs 1, strong nose, distributed training
a: no special abilities


You were on level 5 of the Dungeon.
You visited 1 branch of the dungeon, and saw 5 of its levels.

You collected 207 gold pieces.

Inventory:

Hand Weapons
 a - a +0 flail of chaos
 d - a +1 flail of holy wrath
 k - a +0 war axe
 o - a +2 vampiric dagger (weapon)
 p - a +0 spear
Armour
 b - a +0 scale mail
 c - a +0 buckler (worn)
 l - a +0 helmet (worn)
 q - a +0 troll leather armour (worn) {Pargi}
 t - a +0 plate armour
Jewellery
 g - a +6 ring of dexterity (left hand)
Scrolls
 e - a scroll of magic mapping
 m - a scroll of fog
Potions
 h - a potion of mutation {unknown}
 j - a potion of attraction
 n - a potion of brilliance
 s - a potion of flight {unknown}


   Skills:
 + Level 7.1 Fighting
 + Level 2.7 Short Blades
 + Level 2.7 Long Blades
 + Level 2.7 Axes
 + Level 5.4 Maces & Flails
 + Level 2.7 Polearms
 + Level 2.7 Staves
 + Level 2.7 Slings
 + Level 2.7 Bows
 + Level 2.7 Crossbows
 + Level 2.7 Throwing
 + Level 7.1 Armour
 + Level 2.7 Dodging
 + Level 2.7 Stealth
 + Level 7.1 Shields
 + Level 2.7 Unarmed Combat
 + Level 2.7 Spellcasting
 + Level 2.2 Conjurations
 + Level 2.2 Hexes
 + Level 2.2 Summonings
 + Level 2.2 Necromancy
 + Level 2.2 Translocations
 + Level 2.2 Transmutations
 + Level 2.2 Fire Magic
 + Level 2.2 Ice Magic
 + Level 2.2 Air Magic
 + Level 2.2 Earth Magic
 + Level 2.2 Poison Magic
 + Level 3.0 Invocations
 + Level 2.7 Evocations


You had 9 spell levels left.
You knew the following spells:

 Your Spells              Type           Power      Damage    Failure   Level
a - Ensorcelled Hibernat  Hex/Ice        12%        N/A       32%         2

Your spell library contained the following spells:

 Spells                   Type           Power      Damage    Failure   Level
 Passwall                 Tmut/Erth      5%         N/A       32%         2
 Ozocubu's Armour         Ice            6%         N/A       54%         3
 Swiftness                Air            6%         N/A       54%         3
 Ozocubu's Refrigeration  Ice            3%         4d5       100%        7


Dungeon Overview and Level Annotations

Branches:
Dungeon (5/15)             Temple (0/1) D:5

Altars:
Fedhas
Okawaru
Qazlal
Ru
Sif Muna
Wu Jian
Xom
Zin

Shops:
D:2 =   D:5 *

Annotations:
D:3 Edmund


Innate Abilities, Weirdness & Mutations

You have very sharp teeth.
Your uncanny sense of smell can sniff out nearby items.
Your experience applies equally to all skills.


Message History

The scorpion is heavily wounded.
You feel sick. You block the scorpion's attack.
You hit the scorpion. Your bite misses the scorpion.
The scorpion is heavily wounded.
You feel sick. The scorpion stings you.
You barely miss the scorpion.
The scorpion is heavily wounded.
You feel sick. The scorpion closely misses you.
You hit the scorpion but do no damage.
The scorpion is heavily wounded.
You feel sick. You block the scorpion's attack.
You hit the scorpion but do no damage. Your bite misses the scorpion.
The scorpion is heavily wounded.
You feel sick. The scorpion stings you.
You are more poisoned.
The scorpion poisons you!
You hit the scorpion but do no damage.
The scorpion is heavily wounded.
You feel very sick. The scorpion stings you.
* * * LOW HITPOINT WARNING * * *
You hit the scorpion.
You feel better.
The scorpion is severely wounded.
You feel sick. The scorpion stings you.
* * * LOW HITPOINT WARNING * * *
You are more poisoned.
The scorpion poisons you!
You hit the scorpion.
You feel better.
You bite the scorpion, but do no damage.
The scorpion is severely wounded.
You feel very sick. The scorpion stings you.
* * * LOW HITPOINT WARNING * * *
It was a potion of haste.
You feel yourself speed up.
You feel very sick. The scorpion stings you.
* * * LOW HITPOINT WARNING * * *
It was a potion of brilliance.
You feel clever all of a sudden.
You die...

♣.§.<.... #.§≈.♣ ♣.≈Z.o...
#..≈.♣._ ♣.≈.#.#.. #.# ###
#..≈.♣...♣.≈...##. #.# #..
...≈.♣♣♣.♣.≈...#.. #.# #.#
#..≈.......≈...... #.# #.#
#..≈≈≈≈≈≈≈≈≈.#?### #.# #.#
#s...........#.### #.#
#.###@...........#.... #.#
#.........##.........#
########.###.##..................
.....................##.##..###.#
#####........######..##.....∩...)
#............ ..............
#........#### .##.##......#
#.......... .... ##.#####
#........... ## #..


You could see a scorpion.

Vanquished Creatures
  Pargi (D:4)
  An orc warrior (D:4)
  A necrophage (D:4)
  An ogre (D:4)
  An orc priest (D:5)
  3 hounds
  Terence (D:3)
  Natasha (twice) (D:2)
  Robin (D:2)
  2 gnolls (D:1)
  6 adders
  An ufetubus (D:4)
  2 adder skeletons (D:4)
  3 worms
  2 dart slugs
  10 orcs
  4 endoplasms
  A giant cockroach (D:2)
  22 goblins
  6 hobgoblins
  4 jackals (D:2)
  10 kobolds
  8 quokkas
  4 ball pythons
  8 bats
  4 frilled lizards
  5 rats
114 creatures vanquished.

Vanquished Creatures (others)
  2 demonic plants (D:1)
  2 fungi (D:1)
  2 plants (D:1)
6 creatures vanquished.

Grand Total: 120 creatures vanquished

Notes
Turn   | Place    | Note
-------+----------+-------------------------------------------
     0 | D:1      | zeram the Gnoll Fighter began the quest for the Orb.
     0 | D:1      | Reached XP level 1. HP: 23/23 MP: 1/1
    57 | D:1      | Found a faded altar of an unknown god.
    80 | D:1      | Reached XP level 2. HP: 29/29 MP: 2/2
   431 | D:1      | Reached XP level 3. HP: 31/35 MP: 2/4
   644 | D:1      | Reached skill level 1 in Invocations
   875 | D:2      | Found Poaf's Jewellery Boutique.
   881 | D:2      | Reached skill level 1 in Short Blades
   881 | D:2      | Reached skill level 1 in Long Blades
   881 | D:2      | Reached skill level 1 in Axes
   881 | D:2      | Reached skill level 1 in Polearms
   881 | D:2      | Reached skill level 1 in Staves
   881 | D:2      | Reached skill level 1 in Slings
   881 | D:2      | Reached skill level 1 in Bows
   881 | D:2      | Reached skill level 1 in Crossbows
   881 | D:2      | Reached skill level 1 in Throwing
   881 | D:2      | Reached skill level 1 in Dodging
   881 | D:2      | Reached skill level 1 in Stealth
   881 | D:2      | Reached skill level 1 in Unarmed Combat
   881 | D:2      | Reached skill level 1 in Spellcasting
   881 | D:2      | Reached skill level 1 in Evocations
   954 | D:2      | Reached XP level 4. HP: 39/41 MP: 5/5
  1032 | D:2      | Noticed Natasha
  1040 | D:2      | Killed Natasha
  1083 | D:2      | Noticed Robin
  1094 | D:2      | Reached skill level 1 in Conjurations
  1094 | D:2      | Reached skill level 1 in Hexes
  1094 | D:2      | Reached skill level 1 in Summonings
  1094 | D:2      | Reached skill level 1 in Necromancy
  1094 | D:2      | Reached skill level 1 in Translocations
  1094 | D:2      | Reached skill level 1 in Transmutations
  1094 | D:2      | Reached skill level 1 in Fire Magic
  1094 | D:2      | Reached skill level 1 in Ice Magic
  1094 | D:2      | Reached skill level 1 in Air Magic
  1094 | D:2      | Reached skill level 1 in Earth Magic
  1094 | D:2      | Reached skill level 1 in Poison Magic
  1122 | D:2      | Killed Robin
  1123 | D:2      | Reached XP level 5. HP: 10/47 MP: 6/6
  2225 | D:3      | Found a shimmering altar of Xom.
  2227 | D:3      | Found a sacrificial altar of Ru.
  2227 | D:3      | Found a glowing silver altar of Zin.
  2229 | D:3      | Found a burning altar of Makhleb.
  2229 | D:3      | Found a shimmering blue altar of Sif Muna.
  2229 | D:3      | Found a shimmering blue altar of Sif Muna.
  2403 | D:2      | Noticed Natasha
  2411 | D:2      | Killed Natasha
  2501 | D:3      | Noticed Terence
  2527 | D:3      | Killed Terence
  2528 | D:3      | Reached XP level 6. HP: 24/53 MP: 8/8
  2774 | D:3      | Found an ornate altar of the Wu Jian Council.
  3297 | D:4      | Found an iron altar of Okawaru.
  3588 | D:4      | Reached skill level 5 in Maces & Flails
  3951 | D:4      | Learned a level 2 spell: Ensorcelled Hibernation
  4169 | D:4      | Found a stormy altar of Qazlal.
  4219 | D:4      | Noticed Edmund
  4219 | D:4      | Noticed a necrophage
  4639 | D:4      | Noticed Pargi
  4653 | D:4      | Reached XP level 7. HP: 55/59 MP: 10/10
  4676 | D:4      | Killed Pargi
  5170 | D:5      | Entered Level 5 of the Dungeon
  5177 | D:5      | Found a staircase to the Ecumenical Temple.
  5190 | D:5      | Found Elo Paih's Assorted Antiques.
  5203 | D:5      | Found a blossoming altar of Fedhas.
  5462 | D:5      | HP: 1/60 [scorpion (6)]
  5463 | D:5      | Succumbed to a scorpion's poison

Illustrated notes

Levels and vault maps discovered:
D:1:      dpeg_arrival_rooms_with_view, layout_basic,
          shapermc_ecumenical_altar_gd, minivault_19
D:2:      layout_basic, serial_shops, nicolae_lakefront_shop, uniq_natasha,
          uniq_robin
D:3:      layout_loops_ring, nzn_wu_jian_council_hall, doesnt_xom_only_xom,
          uniq_terence
D:4:      layout_gridville, grunt_qazlal_sundering, kennysheep_okawaru_gauntlet,
          uniq_edmund, uniq_pargi
D:5:      layout_basic, lemuel_doored_altar, mainiacjoe_overflow_brackets,
          minmay_temple_entry_water_ring, serial_shops, shop, uniq_duvessa

Skill      XL: |  1  2  3  4  5  6  7 |
---------------+----------------------+-----
Invocations    | 1 2 3 |  3.0
Short Blades   | 1 2 |  2.7
Long Blades    | 1 2 |  2.7
Axes           | 1 2 |  2.7
Polearms       | 1 2 |  2.7
Staves         | 1 2 |  2.7
Slings         | 1 2 |  2.7
Bows           | 1 2 |  2.7
Crossbows      | 1 2 |  2.7
Throwing       | 1 2 |  2.7
Dodging        | 1 2 |  2.7
Stealth        | 1 2 |  2.7
Unarmed Combat | 1 2 |  2.7
Spellcasting   | 1 2 |  2.7
Evocations     | 1 2 |  2.7
Conjurations   | 1 2 |  2.2
Hexes          | 1 2 |  2.2
Summonings     | 1 2 |  2.2
Necromancy     | 1 2 |  2.2
Translocations | 1 2 |  2.2
Transmutations | 1 2 |  2.2
Fire Magic     | 1 2 |  2.2
Ice Magic      | 1 2 |  2.2
Air Magic      | 1 2 |  2.2
Earth Magic    | 1 2 |  2.2
Poison Magic   | 1 2 |  2.2
Maces & Flails | 5 |  5.4
Fighting       | 7 |  7.1
Armour         | 7 |  7.1
Shields        | 7 |  7.1

Action                   |  1- 3 |  4- 6 |  7- 9 || total
-------------------------+-------+-------+-------++-------
Melee: Flail             |    94 |   133 |       ||   227
       Bite              |     7 |    38 |    23 ||    68
       Dagger            |       |   215 |   157 ||   372
       Spear             |       |     5 |       ||     5
  Use: Scroll            |     3 |     5 |     2 ||    10
       Potion            |       |     3 |     4 ||     7
 Stab: Sleeping          |       |       |     1 ||     1
Armor: Scale mail        |    33 |   134 |    25 ||   192
       Troll leather arm |       |       |    19 ||    19
Dodge: Dodged            |    51 |   148 |    86 ||   285
Block: Buckler           |    22 |    85 |    50 ||   157
